← All builds
Tech / Armada / Economy first / OBSERVED BUILD

Nuke rush

Armada Tech (Eco) build order · Supreme Isthmus

After the standard T2 rush, commits to an early Armageddon nuclear launcher around 10:30-12:28, hitting the enemy base directly in nearly all games as a forward plan rather than defence.

Usually first T2 con to Geo (77%)

#nuke #t2 · 172 distinct matches · 60 players · 6% of Armada Tech games · team won 66% of 175 · Recently observed

THE CATCH, AND WHAT COMES WITH IT
  • ArmageddonArmageddon from 10:30 · 5% of role by thenOnly 5% of Tech games have it by then; others who build it get it around 10:39

Where those units first fight, in 30 games with kill data: in the enemy base 97%.

HOW TO PLAY IT

Key timing: Armageddon up by 10:28

  1. Open fast Bot Lab into Advanced Bot Lab as usual for Tech.
  2. Get Advanced Bot Lab done to keep pace with normal T2 rush.
  3. Upgrade mex to feed the coming nuke project.
  4. Commit to an Armageddon far earlier than the usual 12:23 norm.
  5. Stockpile the nuke silo while still feeding allies T2 cons.

Phase by phase

TYPICAL OF ITS 172 GAMES · AGAINST STANDARD TECH
  1. 1
  2. 2
  3. 3
  4. 4
PLAY THE OPENING

Follow the example game's first 11:30 step by step: what to build now, what comes next, and where it goes. At 1× it keeps pace with your own game.

  1. 1

    Up to the Bot Lab

    Economy
    • Metal Extractor3Mex
    • Wind Turbine4Wind
    Order
    1. Bot LabBot Lab after 3 mex, 4 winddone ~1:17, middle half 1:12–1:32

    By 1:00 in all: 3 mex · 4 wind

    The example game in this phase · 4 steps
    1. Mex ×3
    2. Wind ×7
    3. Energy storage
    4. Bot LabBot Labdone 1:51 · typical 1:17
  2. 2

    Bot Lab to Advanced Bot Lab

    Economy
    • Metal Extractor1Mex
    • Wind Turbine8Wind
    • Energy Storage1Energy storage
    Order
    1. Advanced Bot LabAdvanced Bot Lab after 4 mex, 11 wind, 3 con turretdone ~4:15, middle half 4:02–4:31
    Builders
    • Construction Turret3 Con turret
    • Lazarus3 Lazarus
    • Construction Bot2 Con bot
    • Construction Bot1 Con bot for allies

    Some games also: converter (35%)

    By 3:17 in all: 4 mex · 11 wind · 1 energy storage · 3 con turret

    The example game in this phase · 11 steps
    1. Construction BotCon bot ×2
    2. Con turret
    3. LazarusLazarus
    4. Wind ×2
    5. LazarusLazarus
    6. Mex
    7. Con turret
    8. Construction BotCon botfor Air
    9. Wind
    10. Con turret
    11. Advanced Bot LabAdvanced Bot Labdone 4:02 · typical 4:15
  3. 3

    Advanced Bot Lab to 5:00

    Economy
    • Wind Turbine3Wind
    Order
    1. Bot LabEat Bot Lab
    Builders
    • Advanced Construction Bot1 T2 con bot for allies

    Some games also: converter (36%)

    By 5:00 in all: 4 mex · 15 wind · 1 converter · 1 energy storage · 3 con turret

    The example game in this phase · 10 steps
    1. Wind ×2
    2. Bot LabEat Bot Labreclaimed for its metal
    3. Wind
    4. Advanced Construction BotT2 con botfor Geo
    5. Advanced Metal ExtractorT2 mexdone 4:49 · typical 5:34
    6. Wind
    7. Converter
    8. Wind
    9. Converter ×3
    10. Advanced Construction BotT2 con botfor Air
  4. 4

    5:00 to Nuke silo

    Economy
    • Wind Turbine64Wind
    • Energy Converter10Converter
    Order
    1. ArmageddonNuke silo after 82 wind, 13 converter, 6 con turretdone ~12:28, middle half 11:55–13:31
    Builders
    • Construction Turret2 Con turret
    • Butler8 Butler
    • Advanced Construction Bot4 T2 con bot for allies
    • Advanced Construction Bot1 T2 con bot

    Some games also: metal storage (38%) · Ghost (33%) · Butler for allies (30%)

    By 10:30 in all: 4 mex · 82 wind · 13 converter · 1 energy storage · 6 con turret (standard 3)

    The example game in this phase · 107 steps
    1. Converter
    2. Wind
    3. Converter
    4. Advanced Metal ExtractorT2 mex
    5. Wind
    6. Advanced Metal ExtractorT2 mex
    7. Wind
    8. Advanced Construction BotT2 con bot
    9. Wind
    10. Advanced Construction BotT2 con botfor Pond
    11. Wind
    12. ButlerButler ×2
    13. Advanced Metal ExtractorT2 mex
    14. Wind
    15. Advanced Construction BotT2 con bot ×2for Geo sea
    16. Wind ×2
    17. ButlerButler
    18. Wind ×3
    19. ButlerButler
    20. Wind ×2
    21. ButlerButler
    22. Wind
    23. ButlerButler
    24. Wind ×3
    25. ButlerButler
    26. Wind ×6
    27. ButlerButler
    28. Wind ×7
    29. ButlerButler
    30. Wind ×5
    31. Advanced Construction BotT2 con bot
    32. Wind ×4
    33. Advanced solar
    34. Wind ×6
    35. ArmageddonArmageddondone 12:21 · typical 12:28
    36. Wind ×4
    37. Converter
    38. Wind ×10
    39. Converter ×2
    40. T2 converter
    41. Con turret
    42. Wind ×5
    43. Con turret
    44. Wind ×5
    45. Converter ×2
    46. Con turret
    47. Wind ×4
    48. Con turret
    49. Wind ×3
    50. Con turret
    51. Wind ×2
    52. Converter
    53. Wind
    54. Converter
    55. Wind
    56. Con turret ×2
    57. Wind ×2
    58. Con turret
    59. Wind
    60. Con turret
    61. Wind ×5
    62. Converter ×2
    63. Wind ×7
    64. Advanced Bot LabEat Advanced Bot Labreclaimed for its metal
    65. Wind ×4
    66. Converter ×2
    67. Wind ×9
    68. Converter ×2
    69. Wind ×11
    70. Converter ×2
    71. Wind ×9
    72. Converter ×2
    73. Wind ×9
    74. Converter ×2
    75. Wind ×5
    76. Fusion ReactorFusiondone 13:44
    77. Wind ×4
    78. Converter
    79. Wind ×2
    80. Converter
    81. Wind ×7
    82. Converter ×2
    83. Wind ×9
    84. Converter ×2
    85. Wind ×8
    86. Converter
    87. Wind
    88. Converter
    89. Wind ×8
    90. Converter ×2
    91. Wind ×2
    92. T2 converter
    93. Wind ×5
    94. T2 converter
    95. Wind ×3
    96. Converter ×2
    97. Wind
    98. Fusion ReactorFusion
    99. Wind ×5
    100. Converter
    101. Wind
    102. Converter ×2
    103. Wind ×7
    104. CitadelAnti-nukenot finished by 15:00
    105. Wind ×2
    106. Converter ×2
    107. Wind ×5

Counts are medians over the build's games: half of them build more, half fewer. The example game is Sdragona's (34 OS, 29/09/2026); pick another.

Team trades

IN AT LEAST 30% OF ITS GAMES

You hand over

  • Construction Bot1 Con bot to Airfirst at 2:20 · in 81% of games
  • Advanced Construction Bot5 T2 con bot to Geo sea or Air or Beach seafirst at 4:49 · in 95% of games
  • Butler2 Butler to Geo sea or Beach sea or Pondfirst at 8:44 · in 30% of games

You get

  • Hercules1 Light transport from Airfirst at 3:54 · in 82% of games

How it plays out

Typical game of this build against the role’s standard build, running totals by minute

  • This build
  • Standard tech

Metal produced

020k40k
0:005:0010:0015:00

metal

Enemy metal destroyed

050100150
0:005:0010:0015:00

metal

Own metal lost

050100150
0:005:0010:0015:00

metal

175 games.

Show as table
ByMetal produced: This buildMetal produced: Standard techEnemy metal destroyed: This buildEnemy metal destroyed: Standard techOwn metal lost: This buildOwn metal lost: Standard tech
1:003823830000
2:009169150000
3:00165116520000
4:00320131440000
5:00486948480000
6:00588858020000
7:00744872300000
8:00931590650000
9:0011583111790000
10:0014089135240000
11:0018058162420000
12:0021154196520000
13:00240822342800210
14:002730327285009074
15:00307463150743115130130
WHAT THE NUMBERS SAY

Wins far more often than standard despite almost no early kills, showing the nuke threat itself reshapes the game.

  • + Team win rate 67% vs 53% standard.
  • + Own metal lost stays minimal (130 vs 198 by 15:00).
  • − Enemy metal destroyed by 15:00 is near zero (67 vs 266 standard).
  • − Delays the usual Fusion and anti-nuke items that 43-44% of role games hit.
THE EXAMPLE YOU ARE READING

Sdragona

34.3 OS · 29/09/2026

Open source match ↗

5 received units
5238 metal received · 48160 energy received

Allied construction assistance is unknown. Timings are observations, not a promise of solo reproducibility.

Typical milestones

Bot Lab1:17Middle 50%: 1:12–1:32 · n=174
Advanced Bot Lab4:15Middle 50%: 4:02–4:31 · n=171
Advanced Metal Extractor5:34Middle 50%: 5:04–6:03 · n=175
Armageddon12:28Middle 50%: 11:55–13:31 · n=123

Played most by

Crouxy22games of this buildAmrissa10games of this buildSUNTZ10games of this buildAriah9games of this buildTeaner9games of this build